 Dungeon Crawl Stone Soup version 0.29-a0-512-gf59ac788ac (webtiles) character file.

Game seed: 13092909277284102941

5 Spectrina the Ducker (level 1, -4/13 HPs)
             Began as a Deep Elf Monk on May 29, 2022.
             Slain by a hobgoblin (5 damage)
             ... on level 1 of the Dungeon.
             The game lasted 00:00:25 (56 turns).

Spectrina the Ducker (Deep Elf Monk)                  Turns: 56, Time: 00:00:26

Health: -4/13      AC:  2    Str:  8    XL:     1   Next: 66%
Magic:  3/3        EV: 13    Int: 14    God:
Gold:   9          SH:  0    Dex: 17    Spells: 0/0 levels left

rFire   . . .      SeeInvis .   a - +0 spear
rCold   . . .      Faith    .   (no shield)
rNeg    . . .      Spirit   .   b - +0 robe
rPois   .          Reflect  .   (no helmet)
rElec   .          Harm     .   (no cloak)
rCorr   .          Rampage  .   (no gloves)
Will    .....                   (no boots)
Stlth   ++........              (no amulet)
HPRegen 0.04/turn               (no ring)
MPRegen 0.08/turn               (no ring)

@: no status effects
A: no striking features
a: no special abilities


You were on level 1 of the Dungeon.
You visited 1 branch of the dungeon, and saw 1 of its levels.

You collected 9 gold pieces.

Inventory:

Hand Weapons
 a - a +0 spear (weapon)
Missiles
 d - 36 stones (quivered)
Armour
 b - a +0 robe (worn)
Potions
 c - a potion of ambrosia


   Skills:
 - Level 2.4 Fighting
 + Level 2.5 Polearms
 - Level 3.6 Dodging
 - Level 2.4 Stealth


You couldn't memorise any spells.
You didn't know any spells.
Your spell library was empty.

Dungeon Overview and Level Annotations

Branches:
Dungeon (1/15)

Altars:


Message History

There is a large open door here.
Reach: a) +0 spear
Press: ? - help, Dir - move target, f - hobgoblin
Aim: a hobgoblin, quivering stones (about 36% to evade your +0 spear)
You reach to attack!
You hit the hobgoblin.
The hobgoblin is severely wounded.
The hobgoblin throws a stone.
The stone hits you but does no damage.
Unknown command.
Reach: a) +0 spear
Press: ? - help, Dir - move target, f/p - hobgoblin
Aim: a hobgoblin, quivering stones (severely wounded, about 36% to evade your +0 spear)
You reach to attack!
You hit the hobgoblin.
You kill the hobgoblin!
The hobgoblin shouts!
There is a large open door here.
Reach: a) +0 spear
Press: ? - help, Dir - move target, f - hobgoblin
Aim: a hobgoblin, quivering stones (about 36% to evade your +0 spear)
You hit the hobgoblin but do no damage.
The hobgoblin hits you but does no damage.
You completely miss the hobgoblin. You punch the hobgoblin.
The hobgoblin is moderately wounded.
The hobgoblin hits you.
You completely miss the hobgoblin.
The hobgoblin is moderately wounded.
The hobgoblin closely misses you.
You hit the hobgoblin but do no damage.
The hobgoblin is moderately wounded.
The hobgoblin completely misses you.
You hit the hobgoblin.
The hobgoblin is heavily wounded.
The hobgoblin hits you.
You barely miss the hobgoblin.
The hobgoblin is heavily wounded.
The hobgoblin hits you.
* * * LOW HITPOINT WARNING * * *
You hit the hobgoblin.
The hobgoblin is almost dead.
The hobgoblin hits you.
You die...

####+####
###§§§≈§≈≈###
#§§§§§...≈≈≈#
#§§...g(....# ##@##
##### ####8'8####
##≈..###.........##
#≈≈..##...........## .
#≈...#'............#..
+§§§†'8.....<.........
#≈..†##............#
#≈≈..##...........##
##≈..###.........##


You could see a hobgoblin.

Vanquished Creatures
  2 goblins (D:1)
  A hobgoblin (D:1)
  A kobold (D:1)
4 creatures vanquished.

Notes
Turn   | Place    | Note
-------+----------+-------------------------------------------
     0 | D:1      | Spectrina the Deep Elf Monk began the quest for the Orb.
     0 | D:1      | Reached XP level 1. HP: 13/13 MP: 3/3
    56 | D:1      | Slain by a hobgoblin

Illustrated notes

Levels and vault maps discovered:
D:1:      dpeg_arrival_morbid_curiosity, layout_basic

Action                   || total
-------------------------++-------
Melee: Spear             ||    17
       Punch             ||     1
Armor: Robe              ||     6
Dodge: Dodged            ||     6

Table legend: (Time is in decaauts)
 A = Elapsed time spent in this place.
 B = Non-inter-level travel time spent in this place.
 C = Inter-level travel time spent in this place.
 D = Time resting spent in this place.
 E = Time spent auto-exploring this place.
 F = Levels seen in this place.
 G = Mean time per level.
                   A        B        C        D        E       F      G
               +--------+--------+--------+--------+--------+-----+--------+
         Total |     55 |     55 |      0 |      0 |      0 |   1 |   55.0 |
       Dungeon |     55 |     55 |      0 |      0 |      0 |   1 |   55.0 |
               +--------+--------+--------+--------+--------+-----+--------+

Top non-repeatable levels by time:
     D:1: 55 daAuts
